 Dungeon Crawl Stone Soup version 0.31-a0-112-gdf0485fa37 (webtiles) character file.

Game seed: 13938598134100116674

81 HoaS the Shooter (level 4, 0/33 HPs)
             Began as a Formicid Hunter on May 28, 2023.
             Blown up by Ijyb (13 damage)
             ... with a mindburst bolt
             ... on level 3 of the Dungeon.
             The game lasted 00:03:31 (1528 turns).

HoaS the Shooter (Formicid Hunter)                  Turns: 1528, Time: 00:03:33

Health: 0/33       AC: 11    Str: 18    XL:     4   Next: 67%
Magic:  4/4        EV: 12    Int:  9    God:
Gold:   102        SH:  0    Dex: 19    Spells: 3/3 levels left

rFire   . . .        a - +0 shortbow
rCold   . . .        (no shield)
rNeg    . . .        c - +0 leather armour
rPois   .            (helmet unavailable)
rElec   .            (no cloak)
rCorr   .            g - +2 pair of gloves {Str+3}
SInv    +            h - +0 pair of boots
Will    +....        (no amulet)
Stlth   ++           k - +4 ring of protection
HPRegen 0.25/turn    (no ring)
MPRegen 0.09/turn

%: no passive effects
@: enlightened, flying
A: permanent stasis, dig shafts and tunnels, antennae 3, four strong arms
a: Dig, Shaft Self


You were on level 3 of the Dungeon.
You visited 1 branch of the dungeon, and saw 3 of its levels.

You collected 102 gold pieces.

Inventory:

Hand Weapons
 a - a +0 shortbow (weapon)
Armour
 c - a +0 leather armour (worn)
 g - a +2 pair of gloves of strength (worn)
 h - a +0 pair of boots (worn)
Jewellery
 k - a +4 ring of protection (left hand)
Scrolls
 b - a scroll of immolation
Potions
 f - a potion of attraction {unknown}
 i - 3 potions of heal wounds
 j - a potion of curing {unknown}


   Skills:
 - Level 2.1 Fighting
 + Level 5.7 Ranged Weapons
 - Level 1.7 Dodging
 - Level 1.2 Stealth


You had 3 spell levels left.
You didn't know any spells.
Your spell library contained the following spells:

 Spells                   Type           Power      Damage    Failure   Level
 Petrify                  Tmut/Erth      0%         N/A       99%         4
 Eringya's Noxious Bog    Tmut/Pois      0%         N/A       100%        6
 Spellforged Servitor     Conj/Summ      0%         N/A       100%        7


Dungeon Overview and Level Annotations

Branches:
Dungeon (3/15)

Altars:

Annotations:
D:3 Ijyb


Innate Abilities, Weirdness & Mutations

You cannot be hasted, slowed, berserked, paralysed or teleported.
You can dig through walls and to a lower floor.
You have a pair of large antennae on your head. (SInv)
Your four strong arms can wield two-handed weapons with a shield.


Message History

You resist with almost no effort.
You shoot an arrow. The arrow barely misses Natasha.
The arrow barely misses Ijyb.
The arrow hits the cerulean imp.
The cerulean imp is moderately wounded.
The cerulean imp hits you but does no damage.
Natasha casts a spell at you.
The magic dart hits you but does no damage.
You shoot an arrow. The arrow closely misses Natasha.
The arrow hits Ijyb.
Ijyb is moderately wounded.
The cerulean imp hits you with a +2 spear.
Natasha barely misses you.
You shoot an arrow. The arrow hits Natasha.
Natasha is almost dead.
The cerulean imp barely misses you. Natasha misses you.
You shoot an arrow. The arrow closely misses Natasha.
The arrow hits Ijyb.
Ijyb is heavily wounded.
The cerulean imp hits you but does no damage.
Natasha claws you but does no damage.
You shoot an arrow. The arrow hits Natasha.
Natasha is almost dead.
The cerulean imp hits you but does no damage.
Natasha stares at you and mumbles some strange words.
Your stasis prevents you from being slowed.
The cerulean imp hits you but does no damage.
Natasha mumbles some strange words.
You feel troubled. Natasha casts a spell at you. The magic dart hits you.
You shoot an arrow.
The arrow hits Natasha but does no damage.
Natasha is almost dead.
The cerulean imp hits you with a +2 spear.
Natasha claws you.
You shoot an arrow. The arrow hits Natasha.
You kill Natasha!
Natasha growls in agony!
The cerulean imp disappears in a puff of smoke! x2
Ijyb screams, "You nasty!
Big nasty!"
Ijyb zaps a wand.
Your mind is blasted!
You die...

. { ... # ######..#
#. #.§@†g§.# #.
#.#####.... #..
#.#######..
.#.#..######.........
..............#######
#.####.#####.......#
#............#####{ #
#....#####.###
#.#..........# {


You could see Ijyb.

Vanquished Creatures
  Natasha (D:3)
  2 adders (D:2)
  A worm (D:2)
  3 dart slugs
  5 ball pythons
  5 endoplasms
  7 giant cockroaches
  3 goblins
  3 hobgoblins (D:1)
  6 jackals
  5 kobolds
  2 quokkas (D:1)
  2 bats (D:1)
  4 frilled lizards (D:1)
  3 rats
52 creatures vanquished.

Notes
Turn   | Place    | Note
-------+----------+-------------------------------------------
     0 | D:1      | HoaS the Formicid Hunter began the quest for the Orb.
     0 | D:1      | Reached XP level 1. HP: 16/16 MP: 1/1
     3 | D:1      | Noticed an electric eel
     4 | D:1      | Noticed an electric eel
   107 | D:1      | Reached XP level 2. HP: 21/22 MP: 2/2
   227 | D:1      | Reached XP level 3. HP: 27/27 MP: 3/3
   267 | D:1      | Found a faded altar of an unknown god.
   378 | D:1      | Reached skill level 5 in Ranged Weapons
   397 | D:1      | Got the Volume of the Helpful Switch
   980 | D:2      | Reached XP level 4. HP: 33/33 MP: 4/4
  1087 | D:2      | HP: 1/33 [frozen (4)]
  1509 | D:3      | Noticed Ijyb
  1510 | D:3      | Noticed Natasha
  1528 | D:3      | Killed Natasha
  1528 | D:3      | Blown up by Ijyb

Illustrated notes

Levels and vault maps discovered:
D:1:      arrival_aquarium_b, layout_loops_cross,
          hellmonk_ecumenical_altar_inner_sanctum, minivault_23,
          amcnicky_mini_corridor_feature
D:2:      layout_basic, hangedman_decor_peaks_small
D:3:      layout_basic, ebering_ghost_gozag, serial_shops, shop, uniq_natasha,
          uniq_sigmund, uniq_ijyb

Skill      XL: |  1  2  3 |
---------------+----------+-----
Ranged Weapons | 5 |  5.7
Fighting       | |  2.1
Dodging        | |  1.7
Stealth        | |  1.2

Action                     |  1- 3 |  4- 6 || total
---------------------------+-------+-------++-------
   Fire: Shortbow          |    88 |    75 ||   163
    Use: Scroll            |     4 |     3 ||     7
         Potion            |       |     1 ||     1
 Armour: Leather armour    |    13 |    28 ||    41
  Dodge: Dodged            |    21 |    38 ||    59

Table legend: (Time is in decaauts)
 A = Elapsed time spent in this place.
 B = Non-inter-level travel time spent in this place.
 C = Inter-level travel time spent in this place.
 D = Time resting spent in this place.
 E = Time spent auto-exploring this place.
 F = Levels seen in this place.
 G = Mean time per level.
                   A        B        C        D        E       F      G
               +--------+--------+--------+--------+--------+-----+--------+
         Total |   1556 |   1519 |     37 |    216 |    957 |   3 |  518.7 |
       Dungeon |   1556 |   1519 |     37 |    216 |    957 |   3 |  518.7 |
               +--------+--------+--------+--------+--------+-----+--------+

Top non-repeatable levels by time:
     D:2: 750 daAuts
     D:1: 729 daAuts
     D:3: 75 daAuts
